Unix NetHack Version 3.7.0-102 Work-in-progress - last build Apr 6 2024 13:22:21 (d302a6a9ff6341f1a922d8f5af178406b35fdf99,branch:master). Game began 2024-04-13 08:52:08, ended 2024-04-13 08:52:43. Raisse, lawful female dwarven Archeologist ----- -- ---...--.-- |.........| -- .h....... . -........- . -- |........ .| .-- |.......---.|...| ---..-............| |................ |............- |..0hr......-- -----...........| | -..............-- |* ---........%.| -.>......................-- -- -- ------------.--.|<-- -------- Raisse the Digger St:15 Dx:8 Co:13 In:16 Wi:15 Ch:8 Lawful Dlvl:3 $:12 HP:0(15) Pw:1(1) AC:9 Xp:1/5 T:118 Latest messages: d - an uncursed +0 pick-axe (weapon in right hand). a - an uncursed +2 bullwhip (alternate weapon; not wielded). You swap places with Poes. $ - 7 gold pieces. You start digging downward. You dig a pit in the floor. You start digging downward. You dig a hole through the floor. You fall through... You climb up the stairs. You descend the stairs. You swap places with Poes. The fox bites! You kill the fox! You swap places with Poes. You hear someone counting gold coins. You see here a cram ration. i - a cram ration. There's some graffiti on the floor here. You read: "T?ey sa? th?t th? pr?e?t?ood are ?pecia|ly f?vor?d by th? gods.". Poes picks up a gold piece. You hear someone counting gold coins. Poes drops a gold piece. $ - a gold piece (8 in total). Poes picks up a gold piece. Poes drops a gold piece. You swap places with Poes. $ - a gold piece (9 in total). $ - 3 gold pieces (12 in total). You kill the newt! You stop. Poes is in the way! You descend the stairs. The giant rat bites! The giant rat bites! The giant rat bites! The giant rat bites! j - a black gem. The giant rat bites! With great effort you move the boulder. You miss the giant rat. You hit the giant rat. The giant rat bites! You miss the giant rat. The giant rat bites! You die... Do you want your possessions identified? [ynq] (y) y Do you want to see your attributes? [ynq] (y) y Do you want an account of creatures vanquished? [ynaq] (y) y Do you want to see your conduct and achievements? [ynq] (y) y Do you want to see the dungeon overview? [ynq] (y) y Inventory: Coins $ - 12 gold pieces Weapons a - an uncursed +2 bullwhip (alternate weapon; not wielded) Armor A - an uncursed +0 leather jacket (being worn) H - an uncursed +0 fedora (being worn) Comestibles e - 3 uncursed food rations i - an uncursed cram ration Tools d - an uncursed +0 pick-axe (weapon in right hand) l - an uncursed tinning kit (0:72) x - an empty uncursed sack Gems/Stones j - an uncursed worthless piece of black glass t - an uncursed touchstone Raisse the Archeologist's attributes: Background: You were a Digger, a level 1 female dwarven Archeologist. You were lawful, on a mission for Quetzalcoatl who was opposed by Camaxtli (neutral) and Huhetotl (chaotic). You were right-handed. You were in the Gnomish Mines, on level 3. You entered the dungeon 118 turns ago. You had 5 experience points, 15 more were needed to attain level 2. Basics: You had 0 out of 15 hit points. You had 1 out of 1 energy points (spell power). Your armor class was 9. Your wallet contained 12 zorkmids. Autopickup was on for '$!?/"=+' plus thrown, with exceptions. Final Characteristics: Your strength was 15 (limit:18/100). Your dexterity was 8 (limit:20). Your constitution was 13 (limit:20). Your intelligence was 16 (limit:16). Your wisdom was 15 (limit:16). Your charisma was 8 (limit:16). Final Status: You weren't hungry. You were unencumbered. You were wielding a pick-axe. You had basic skill with pick-axe. Final Attributes: You were fervently aligned. You had automatic searching. You had infravision. You are dead. Miscellaneous: You never encountered a bones level. Total elapsed playing time was 34 seconds. Major events: Turn 1: Raisse the lawful female dwarven Archeologist entered the dungeon 105: entered the Gnomish Mines 118: killed by a giant rat Vanquished creatures: a fox a newt 2 creatures vanquished. No species were genocided or became extinct. Voluntary challenges: You went without food. You were an atheist. You were illiterate. You never engraved Elbereth. You never genocided any monsters. You never polymorphed an object. You never changed form. You used no wishes. Achievement: You entered the Gnomish Mines. The Dungeons of Doom: levels 1 to 2 Level 1: A fountain. Level 2: Stairs down to The Gnomish Mines. The Gnomish Mines: Level 3: <- You were here. Final resting place for you, killed by a giant rat. Game over: ---------- / \ / REST \ / IN \ / PEACE \ / \ | Raisse | | 12 Au | | killed by a | | giant rat | | | | | | 2024 | *| * * * | * _________)/\\_//(\/(/\)/\//\/|_)_______ Goodbye Raisse the Archeologist... You died in The Gnomish Mines on dungeon level 3 with 131 points, and 12 pieces of gold, after 118 moves. You were level 1 with a maximum of 15 hit points when you died.